 Dungeon Crawl Stone Soup version 0.21.1-1-g345015f (webtiles) character file.

1402 wojtek the Cleaver (level 8, -2/70 HPs)
             Began as a Minotaur Fighter on June 3, 2018.
             Was a Follower of Makhleb.
             Slain by an ogre
             ... wielding a +0 giant club
              (10 damage)
             ... on level 6 of the Dungeon.
             The game lasted 00:06:54 (4813 turns).

wojtek the Cleaver (Minotaur Fighter)               Turns: 4813, Time: 00:06:55

Health: -2/70      AC: 11    Str: 32    XL:     8   Next: 42%
Magic:  7/7        EV:  9    Int:  5    God:    Makhleb [*.....]
Gold:   236        SH: 11    Dex: 10    Spells: 7/7 levels left

rFire    + + .     SeeInvis .   A - +2 rapier "Ceel Kerru" {drain, rF+ Str+5} (curse)
rCold    . . .     Gourm    .   c - +0 shield
rNeg     . . .     Faith    .   D - +0 chain mail
rPois    .         Spirit   .   (helmet restricted)
rElec    .         Reflect  .   (no cloak)
rCorr    .         Harm     .   (no gloves)
MR       .....                  C - +0 pair of boots
Stlth    ..........             (no amulet)
HPRegen  0.21/turn              u - ring of protection from fire
MPRegen  0.10/turn              o - +4 ring of strength

@: lethally poisoned (-2 -> -7), drained
A: retaliatory headbutt, horns 2
a: Renounce Religion


You were on level 6 of the Dungeon.
You worshipped Makhleb.
Makhleb was aware of your devotion.
You were hungry.

You visited 2 branches of the dungeon, and saw 7 of its levels.

You collected 236 gold pieces.

Inventory:

Hand Weapons
 a - a +0 war axe
 A - the cursed +2 rapier "Ceel Kerru" (weapon) {drain, rF+ Str+5}
   (You found it on level 4 of the Dungeon)

   A truly terrible weapon, it drains the life of those it strikes.
   It affects your strength (+5).
   It protects you from fire.
   It has a curse placed upon it.
Missiles
 m - 5 curare-tipped needles
 x - 2 throwing nets (quivered)
Armour
 c - a +0 shield (worn)
 C - a +0 pair of boots (worn)
 D - a +0 chain mail (worn)
Jewellery
 o - a +4 ring of strength (right hand)
 u - a ring of protection from fire (left hand)
Scrolls
 g - 2 scrolls of noise
 i - 4 scrolls of identify
 j - 3 scrolls of fog
 k - 2 scrolls of remove curse
 l - a scroll of amnesia {unknown}
 p - a scroll of immolation {unknown}
 r - 2 scrolls of teleportation
 s - 3 scrolls of fear {unknown}
 v - a scroll of random uselessness {unknown}
 y - a scroll of enchant weapon {unknown}
Potions
 b - a potion of flight {unknown}
 d - 2 potions of might
 e - a potion of degeneration {unknown}
 h - a potion of resistance {unknown}
 n - a potion of lignification {unknown}
 t - a potion of magic {unknown}
 w - a potion of mutation {unknown}
 z - a potion of berserk rage {unknown}
 E - a potion of haste {unknown}
 F - a potion of brilliance {unknown}
Comestibles
 f - 12 rations
 B - 2 chunks of flesh


   Skills:
 + Level 6.0(5.9) Fighting
 + Level 8.1(7.9) Axes
 + Level 6.0(5.8) Armour
 + Level 4.2(4.1) Dodging
 + Level 6.1(5.9) Shields


You had 7 spell levels left.
You didn't know any spells.

Dungeon Overview and Level Annotations

Branches:
Dungeon (6/15)             Temple (1/1) D:4

Altars:
Dithmenos
Fedhas
Makhleb
Nemelex Xobeh
Qazlal
Ru
Sif Muna
Trog
Xom

Annotations:
D:6 Jaiteiro's ghost, novice KoVM


Innate Abilities, Weirdness & Mutations

You reflexively headbutt those who attack you in melee.
You have a pair of horns on your head.


Message History

You are more poisoned.
Jaiteiro's ghost's toxic aura wanes.
Jaiteiro's ghost hits you but does no damage.
You miss Jaiteiro's ghost.
Jaiteiro's ghost is severely damaged.
You block Jaiteiro's ghost's attack.
Unknown command.
As you read the scroll labeled SOECUO KUCEPH, it crumbles to dust.
You feel strangely unstable.
It was a scroll of teleportation.
You feel sick.
Jaiteiro's ghost points at you and mumbles some strange words.
You block the sting.
Jaiteiro's ghost gestures at you while chanting.
The sting hits you!
You are more poisoned.
Your surroundings suddenly seem different.
You feel sick.
An ogre comes into view. It is wielding a giant club.
The ogre shouts!
The ogre hits you with a giant club!
You die...

.##.........
.#.....#+##
.......#
.#.....# ###
.##...## ..#
####.## #>#
#.# # #.# #.#
##.#.# ####.#
#..O@# .....#
........#
####.#
####...##
####.# #.#.
..##.# ..###
.....###.#.##
#.##........
##..........
###########


You could see an ogre.

Vanquished Creatures
  A water moccasin (D:5)
  An orc warrior (D:5)
  The ghost of Monsterracer the Covered, an amateur DDFi (D:4)
  An ogre (D:5)
  A centaur (D:5)
  A gnoll sergeant (D:5)
  3 scorpions
  A howler monkey (D:5)
  4 wights (D:6)
  A crimson imp (D:5)
  A centaur zombie (D:5)
  2 orc priests (D:5)
  A bullfrog skeleton (D:5)
  3 orc wizards
  2 iguanas
  A worker ant (D:6)
  The ghost of Iko the Skirmisher, a weakling VSAK of Lugonu (D:3)
  3 gnolls (D:5)
  4 adders
  2 oozes
  5 worms
  A dart slug (D:2)
  A leopard gecko (D:2)
  16 orcs
  2 ball pythons
  7 bats
  9 giant cockroaches
  13 goblins
  9 hobgoblins
  11 jackals
  11 kobolds
  5 frilled lizards
  A jackal zombie (D:6)
  7 rats
133 creatures vanquished.

Notes
Turn   | Place    | Note
-------+----------+-------------------------------------------
     0 | D:1      | wojtek the Minotaur Fighter began the quest for the Orb.
     0 | D:1      | Reached XP level 1. HP: 19/19 MP: 0/0
    53 | D:1      | Reached skill level 3 in Axes
   130 | D:1      | Reached XP level 2. HP: 26/26 MP: 1/1
   291 | D:1      | Reached skill level 4 in Axes
   800 | D:2      | Reached XP level 3. HP: 29/31 MP: 2/2
   925 | D:2      | Reached skill level 5 in Axes
   961 | D:2      | Reached XP level 4. HP: 37/39 MP: 3/3
  1159 | D:2      | Found a shimmering altar of Xom.
  1298 | D:2      | Reached skill level 6 in Axes
  1391 | D:3      | Reached XP level 5. HP: 42/45 MP: 4/4
  1542 | D:3      | Found a sparkling altar of Nemelex Xobeh.
  1755 | D:3      | Noticed Iko's ghost (weakling VSAK)
  1766 | D:3      | Killed Iko's ghost
  1784 | D:3      | Reached skill level 1 in Dodging
  2553 | D:4      | Noticed Monsterracer's ghost (amateur DDFi)
  2564 | D:4      | Killed Monsterracer's ghost
  2564 | D:4      | Reached XP level 6. HP: 12/52 MP: 5/5
  2874 | D:4      | Found a staircase to the Ecumenical Temple.
  2914 | Temple   | Entered the Ecumenical Temple
  2930 | Temple   | Became a worshipper of Makhleb the Destroyer
  3088 | D:4      | Got a bloodstained rapier
  3089 | D:4      | Identified the cursed +2 rapier "Ceel Kerru" {drain, rF+ Str+5} (You found it on level 4 of the Dungeon)
  3114 | D:5      | Entered Level 5 of the Dungeon
  3152 | D:5      | Reached skill level 7 in Axes
  3315 | D:5      | Reached XP level 7. HP: 60/60 MP: 6/6
  3550 | D:5      | Reached skill level 5 in Fighting
  3550 | D:5      | Reached skill level 5 in Armour
  3550 | D:5      | Reached skill level 5 in Shields
  3993 | D:5      | Reached XP level 8. HP: 48/69 MP: 7/7
  4618 | D:6      | Reached skill level 8 in Axes
  4626 | D:6      | Reached * piety under Makhleb
  4787 | D:6      | Noticed Jaiteiro's ghost (novice KoVM)
  4813 | D:6      | Slain by an ogre

Skill      XL: |  1  2  3  4  5  6  7  8 |
---------------+-------------------------+-----
Axes           | 3 4 5 6 7 8 |  8.1
Dodging        | 1 2 3 4 |  4.2
Fighting       | 4 5 6 |  6.0
Shields        | 4 5 6 |  6.1
Armour         | 4 5 6 |  6.0

Action                   |  1- 3 |  4- 6 |  7- 9 || total
-------------------------+-------+-------+-------++-------
Melee: War axe           |   111 |   117 |       ||   228
       Headbutt          |     7 |    32 |    24 ||    63
       Rapier            |       |    29 |   112 ||   141
  Use: Scroll            |       |     3 |     1 ||     4
       Potion            |       |       |     2 ||     2
  Eat: Chunk             |       |     5 |     4 ||     9
       Ration            |       |     1 |       ||     1
Armor: Scale mail        |    62 |    63 |     3 ||   128
       Chain mail        |       |       |    26 ||    26
Dodge: Dodged            |    28 |    56 |    30 ||   114
Block: Shield            |    62 |    62 |    64 ||   188
